Map: Eternal Empire LE

Players

echun

  • Race: Terran Terran
  • League: Silver
  • Spawn Location: 7:00

ViBE - Winner!

  • Race: Protoss Protoss
  • League: Silver
  • Spawn Location: 1:00

VOD

https://www.youtube.com/watch?v=kuS_PgtyAP8&list=PLFeZeom2b4DmHduNHeFj-6PfoasuSQn3P&index=2

Description

Time

  • Played on: Dec. 5, 2019, 6:58 p.m.
  • Length: 14:55
Show
View Real Time Build Order
Export as new Build Order

echun Terran 

Build Orders: 2 Factory 

Get SALT Encoding   

  12  0:02  SCV  
  13  0:14  SCV  
  13  0:20  Supply Depot  
  14  0:26  SCV  
  15  0:32  Supply Depot  
  15  0:44  Barracks  
  15  0:51  SCV  
  16  1:03  SCV  
  17  1:05  Refinery  
  17  1:07  Refinery  
  17  1:15  SCV  
  18  1:24  Engineering Bay  
  18  1:27  SCV  
  18  1:32  Marine  
  20  1:39  SCV  
  21  1:50  Marine  
  21  1:51  SCV  
  23  2:00  Factory  
  23  2:04  SCV  
  23  2:07  Marine  
  25  2:16  SCV  
  26  2:25  Marine, Supply Depot, Terran Infantry Weapons Level 1  
  27  2:33  SCV  
  28  2:45  Factory  
  28  2:48  Factory Tech Lab  
  28  2:55  Marine  
  29  3:00  Starport  
  29  3:13  Marine  
  30  3:22  Siege Tank  
  33  3:28  Factory Tech Lab  
  33  3:31  Marine  
  34  3:40  Supply Depot  
  34  3:43  Medivac  
  36  3:48  Marine  
  37  4:06  Marine  
  37  4:07  Supply Depot  
  38  4:11  Command Center  
  38  4:14  Medivac  
  40  4:30  Marine  
  44  4:31  Siege Tank  
  44  4:38  Supply Depot  
  44  4:48  Marine  
  45  5:06  Marine  
  38  5:34  Marine  
  38  5:35  Siege Tank  
  42  5:36  Siege Tank  
  45  5:52  Marine  
  44  6:07  Siege Tank  
  44  6:08  Siege Tank  
  44  6:09  Marine  
  44  6:27  Marine  
  44  6:30  Engineering Bay  
  44  6:32  Armory  
  45  6:37  Refinery, Engineering Bay, Armory  
  45  6:40  Refinery  
  45  6:45  Marine  
  46  6:51  Medivac  
  48  7:12  Barracks Tech Lab  
  48  7:21  Barracks  
  48  7:23  Orbital Command  
  48  7:24  Barracks x2  
  48  7:37  Orbital Command  
  48  7:44  Starport Reactor  
  49  7:53  Marauder  
  50  7:58  SCV  
  51  8:08  SCV  
  51  8:11  SCV  
  53  8:20  SCV  
  53  8:22  Marauder  
  56  8:29  Barracks Tech Lab  
  56  8:35  Barracks Tech Lab  
  56  8:37  Barracks Tech Lab  
  56  8:43  SCV x2  
  56  8:45  Marauder  
  60  8:48  Terran Infantry Weapons Level 2  
  60  8:49  Terran Infantry Armor Level 1  
  60  8:51  Terran Vehicle And Ship Armor Level 1  
  60  8:52  Terran Vehicle Weapons Level 1  
  60  9:04  Marauder  
  60  9:05  Marauder  
  60  9:06  Marauder  
  66  9:13  Starport  
  66  9:15  Missile Turret  
  66  9:23  Missile Turret  
  66  9:25  Marine  
  66  9:28  Stimpack  
  66  9:31  Concussive Shells  
  67  9:36  Combat Shield  
  67  9:47  Marauder  
  67  9:48  Marine  
  67  9:50  Starport Tech Lab  
  70  10:16  Marauder x2  
  70  10:17  Marauder x2  
  78  10:26  Supply Depot  
  78  10:37  Supply Depot  
  78  10:38  Supply Depot  
  78  10:39  Supply Depot  
  78  10:45  Terran Infantry Armor Level 2  
  78  10:47  Medivac, Raven  
  82  10:51  Terran Vehicle Weapons Level 2  
  82  11:09  Terran Vehicle And Ship Armor Level 2  
  82  11:15  Hi-Sec Auto Tracking  
  82  11:18  Marauder  
  84  11:26  Marine, Marauder  
  84  11:27  Marine  
  61  12:00  Siege Tank x2  
  52  12:14  Marauder x2  
  25  12:46  Orbital Command  
  24  13:39  Marine  
  24  13:40  Marine  
  24  13:41  Factory Tech Lab  
  23  13:57  Marine x2  
  25  14:07  Siege Tank  
  28  14:15  Marine x2  
  30  14:36  Marine  
Show
View Real Time Build Order
Export as new Build Order

ViBE Protoss - Winner!

Build Orders: 1 Gate Expand 

Get SALT Encoding   

  12  0:00  Probe  
  13  0:12  Probe  
  14  0:18  Pylon  
  14  0:25  Probe  
  15  0:38  Gateway  
  15  0:39  Probe (Chrono Boost)  
  17  0:51  Probe (Chrono Boost)  
  17  0:53  Assimilator  
  17  0:56  Probe (Chrono Boost)  
  18  1:06  Probe  
  19  1:18  Probe  
  20  1:25  Nexus  
  20  1:30  Probe  
  21  1:37  Cybernetics Core  
  21  1:42  Probe  
  21  1:45  Pylon  
  22  1:53  Assimilator  
  22  1:54  Probe  
  23  2:06  Probe  
  24  2:15  Stalker  
  24  2:17  Warp Gate  
  24  2:18  Probe (Chrono Boost)  
  27  2:28  Probe (Chrono Boost)  
  28  2:33  Probe (Chrono Boost)  
  28  2:34  Pylon  
  29  2:41  Probe  
  30  2:45  Probe  
  31  2:53  Probe  
  31  2:57  Probe  
  33  3:05  Probe (Chrono Boost)  
  34  3:08  Pylon  
  34  3:09  Probe (Chrono Boost)  
  35  3:15  Stalker  
  35  3:17  Probe (Chrono Boost)  
  35  3:19  Robotics Facility, Gateway  
  39  3:21  Probe (Chrono Boost)  
  39  3:24  Probe (Chrono Boost)  
  39  3:25  Probe (Chrono Boost)  
  40  3:31  Probe  
  42  3:35  Probe  
  42  3:38  Assimilator  
  42  3:39  Assimilator  
  43  3:43  Probe  
  43  3:47  Probe  
  45  3:55  Probe  
  45  3:59  Probe  
  47  4:06  Stalker  
  47  4:07  Probe  
  50  4:11  Probe, Immortal  
  50  4:13  Stalker  
  57  4:18  Nexus  
  57  4:20  Probe, Pylon  
  57  4:23  Probe  
  59  4:32  Probe  
  59  4:35  Pylon  
  59  4:36  Probe  
  61  4:39  Pylon, Stalker  
  61  4:40  Stalker  
  61  4:44  Probe  
  66  4:48  Probe  
  66  4:50  Observer, Pylon  
  68  4:56  Probe  
  69  5:06  Stalker x2  
  73  5:08  Probe x2 (Chrono Boost)  
  73  5:15  Pylon  
  73  5:18  Probe x2 (Chrono Boost)  
  75  5:23  Probe x2 (Chrono Boost), Immortal  
  81  5:34  Probe (Chrono Boost)  
  82  5:35  Probe (Chrono Boost)  
  82  5:39  Stalker x2  
  82  5:42  Probe (Chrono Boost), Nexus  
  79  5:47  Probe (Chrono Boost)  
  79  5:48  Probe (Chrono Boost)  
  72  5:51  Probe (Chrono Boost)  
  72  5:53  Probe x2 (Chrono Boost)  
  72  5:55  Probe (Chrono Boost)  
  75  6:01  Probe x2 (Chrono Boost)  
  72  6:09  Probe (Chrono Boost)  
  64  6:13  Probe x2 (Chrono Boost)  
  64  6:22  Probe x2 (Chrono Boost)  
  64  6:23  Probe (Chrono Boost)  
  64  6:24  Stalker  
  64  6:25  Stalker  
  71  6:27  Probe (Chrono Boost)  
  71  6:28  Probe  
  71  6:31  Probe  
  74  6:34  Immortal  
  74  6:39  Probe  
  79  6:40  Probe  
  79  6:43  Probe  
  81  6:51  Probe  
  81  6:52  Probe  
  83  6:55  Probe  
  84  7:02  Probe (Chrono Boost)  
  84  7:04  Probe x2 (Chrono Boost)  
  84  7:07  Stalker x2  
  92  7:08  Probe (Chrono Boost)  
  92  7:14  Immortal  
  92  7:15  Probe (Chrono Boost)  
  99  7:16  Probe (Chrono Boost)  
  99  7:17  Probe (Chrono Boost)  
  99  7:19  Probe (Chrono Boost)  
  99  7:21  Probe (Chrono Boost)  
  99  7:22  Probe (Chrono Boost)  
  102  7:27  Probe x2  
  102  7:28  Probe  
  102  7:29  Pylon  
  104  7:30  Probe  
  104  7:32  Pylon  
  104  7:35  Assimilator  
  104  7:36  Pylon  
  106  7:40  Assimilator, Probe x3  
  106  7:42  Probe  
  110  7:52  Probe x3  
  110  7:54  Probe  
  114  8:00  Pylon  
  114  8:04  Probe x3, Stalker x2  
  121  8:06  Probe, Nexus  
  121  8:09  Immortal  
  126  8:18  Probe x4  
  130  8:28  Stalker x2  
  130  8:30  Probe x3  
  130  8:33  Gateway  
  137  8:34  Gateway  
  137  8:35  Gateway  
  137  8:38  Gateway  
  137  8:40  Gateway  
  137  8:42  Gateway  
  137  8:44  Gateway  
  137  8:46  Gateway  
  137  8:47  Gateway  
  137  8:50  Forge  
  137  9:05  Assimilator x2  
  137  9:06  Stalker x2  
  137  9:07  Immortal  
  145  9:24  Photon Cannon  
  145  9:25  Photon Cannon  
  145  9:27  Photon Cannon  
  145  9:29  Photon Cannon x2  
  145  9:33  Photon Cannon  
  145  9:35  Photon Cannon  
  145  9:41  Photon Cannon  
  145  9:47  Stalker x3  
  145  9:48  Immortal, Stalker x2  
  145  9:49  Stalker x4  
  145  9:50  Stalker x2  
  145  9:52  Protoss Ground Weapons Level 1 (Chrono Boost)  
  167  9:53  Pylon  
  171  10:04  Pylon  
  171  10:07  Pylon  
  171  10:10  Pylon  
  171  10:13  Pylon  
  171  10:15  Robotics Facility  
  171  10:17  Robotics Facility  
  171  10:18  Stalker x2  
  171  10:19  Stalker x2  
  171  10:20  Observer  
  179  10:22  Stalker  
  179  10:25  Stalker  
  179  10:27  Stalker  
  186  10:35  Stalker x2  
  188  10:36  Immortal, Stalker x2  
  198  10:43  Stalker  
  200  10:54  Photon Cannon  
  200  10:55  Photon Cannon  
  200  10:57  Unknown  
  186  11:40  Gateway x2  
  186  11:42  Gateway x2  
  186  11:44  Gateway  
  174  11:47  Gateway  
  174  11:48  Gateway  
  174  11:50  Pylon, Gateway, Protoss Ground Armor Level 1 (Chrono Boost)  
  174  11:51  Gateway  
  174  11:52  Gateway  
  162  11:55  Forge  
  162  11:57  Forge  
  162  11:59  Twilight Council, Gateway  
  162  12:00  Gateway  
  154  12:02  Gateway  
  154  12:05  Pylon  
  140  12:28  Protoss Ground Weapons Level 2 (Chrono Boost)  
  140  12:29  Protoss Shields Level 1 (Chrono Boost)  
  126  12:43  Immortal x3  
  138  12:46  Stalker x2  
  138  12:47  Stalker x3  
  138  12:48  Stalker x2  
  138  12:49  Stalker x3  
  138  12:50  Stalker x3  
  164  12:51  Stalker x2  
  164  12:52  Stalker x3  
  164  12:53  Stalker x2  
  164  12:54  Stalker x3  
  164  12:56  Stalker  
  182  13:21  Stalker x2  
  182  13:22  Stalker x2  
  182  13:23  Stalker x4  
  182  13:24  Stalker  
  200  13:30  Nexus  
  200  13:32  Pylon  
  195  13:49  Observer  
  192  14:03  Stalker  
  192  14:04  Stalker x2  
  192  14:05  Stalker  
Tags
 
Add a new tag
Caveats
  • Supply blocks, unpowered buildings, or Contaminate may cause inaccurate times.
  • Supply counts are checked every 10 seconds.